 Dungeon Crawl Stone Soup version 0.20.1-1-g8b1a95d66d (webtiles) character file.

22 Meaglor the Caller (level 2, -2/15 HPs)
             Began as a Deep Elf Summoner on Dec 1, 2017.
             Slain by a leopard gecko (3 damage)
             ... on level 1 of the Dungeon.
             The game lasted 00:06:04 (994 turns).

Meaglor the Caller (Deep Elf Summoner)               Turns: 994, Time: 00:06:05

Health: -2/15      AC:  3    Str:  5    XL:     2   Next: 68%
Magic:  7/8        EV: 13    Int: 19    God:
Gold:   42         SH:  0    Dex: 15    Spells: 5/7 levels left

rFire    . . .     SeeInvis .   g - +0 short sword
rCold    . . .     Gourm    +   (no shield)
rNeg     . . .     Faith    .   a - +0 robe
rPois    .         Spirit   .   i - +0 helmet (curse)
rElec    .         Reflect  .   (no cloak)
rCorr    .         Harm     .   (no gloves)
MR       .....                  (no boots)
Stlth    ++........             d - amulet of the gourmand
Regen    0.1/turn               (no ring)
MPRegen  0.2/turn               (no ring)

@: no status effects
A: no striking features
a: no special abilities


You were on level 1 of the Dungeon.
You were not hungry.

You visited 1 branch of the dungeon, and saw 1 of its levels.

You collected 42 gold pieces.

Inventory:

Hand Weapons
 e - a +2 hunting sling of flaming
 g - a +0 short sword (weapon)
 l - a +0 spear
Armour
 a - a +0 robe (worn)
 i - a cursed +0 helmet (worn)
 k - a +0 leather armour
Jewellery
 d - an amulet of the gourmand (around neck)
Scrolls
 f - a scroll of teleportation
Potions
 h - a potion of heal wounds {unknown}
 j - a potion of haste {unknown}
Books
 b - a book of Callings

   Spells                             Type                      Level
   a - Summon Small Mammal            Summoning                    1
   b - Call Imp                       Summoning                    2
   c - Call Canine Familiar           Summoning                    3
   d - Summon Guardian Golem          Hexes/Summoning              3
   e - Summon Lightning Spire         Summoning/Air                4
   f - Summon Ice Beast               Ice/Summoning                4
Comestibles
 c - a bread ration
 m - a meat ration


   Skills:
 + Level 0.2 Short Blades
 + Level 2.5 Dodging
 + Level 2.5 Stealth
 - Level 0.1 Unarmed Combat
 + Level 3.4 Spellcasting
 + Level 4.9 Summonings


You had 5 spell levels left.
You knew the following spells:

 Your Spells              Type           Power        Failure   Level  Hunger
b - Call Imp              Summ           ###.....     2%          2    ##.....


Dungeon Overview and Level Annotations

Branches:
Dungeon (1/15)

Altars:


Message History

The frilled lizard bites you but does no damage.
Casting: Call Imp
Confirm with . or Enter, or press ? or * to list all spells.
A beastly little devil appears in a puff of flame.
The leopard gecko bites you.
* * * LOW HITPOINT WARNING * * *
The frilled lizard unfolds its giant frill.
The frilled lizard closely misses you. The leopard gecko bites you.
* * * LOW HITPOINT WARNING * * *
Your crimson imp misses the frilled lizard.
Your crimson imp hits the frilled lizard.
The frilled lizard dies!
The leopard gecko barely misses you.
You hit the leopard gecko.
The leopard gecko is lightly wounded.
The leopard gecko barely misses you. The leopard gecko misses you.
You closely miss the leopard gecko.
The leopard gecko is lightly wounded.
The leopard gecko bites you.
You die...

*,* #..........######
*,* #...............#
*,* #..........####.#
*,* #..........# *,*
*##.####..........## *,*
*****..................#
*,*
*,,,,.......!..........#
*,*
*,***.......####.......#
*,* *,,,###.####*
#@......# *,* ###.# #.#
#l......# *,* ..#.# #l#
#5......# *,* ....#*#.#
#.......# *,* .<..#,..#
#.......# *,******
...##,#.# #.......#
*,,,,,,, #.....#.#
#.......# ********
#######.########.......#
....§...........†......#


You could see a leopard gecko and a friendly crimson imp.

Vanquished Creatures
  A dart slug (D:1)
  A ball python (D:1)
  2 goblins (D:1)
  2 rats (D:1)
6 creatures vanquished.

Vanquished Creatures (collateral kills)
  2 oozes (D:1)
  A dart slug (D:1)
  A ball python (D:1)
  A giant cockroach (D:1)
  3 hobgoblins (D:1)
  A bat (D:1)
  A frilled lizard (D:1)
  2 kobolds (D:1)
12 creatures vanquished.

Grand Total: 18 creatures vanquished

Notes
Turn   | Place    | Note
-------+----------+-------------------------------------------
     0 | D:1      | Meaglor the Deep Elf Summoner began the quest for the Orb.
     0 | D:1      | Reached XP level 1. HP: 10/10 MP: 6/6
   631 | D:1      | Reached XP level 2. HP: 15/15 MP: 1/8
   635 | D:1      | Learned a level 2 spell: Call Imp
   994 | D:1      | Slain by a leopard gecko

Action                   || total
-------------------------++-------
Melee: Unarmed           ||    17
       Short sword       ||    37
 Cast: Summon Small Mamm ||     8
       Call Imp          ||     5
  Use: Scroll            ||     3
  Eat: Chunk             ||     1
Armor: Robe              ||    17
Dodge: Dodged            ||    47
